 Dungeon Crawl Stone Soup version 0.18-a0-987-g0b0e4e7 (webtiles) character file.

113 M4edhros the Charlatan (level 4, -3/28 HPs)
             Began as an Octopode Artificer on Jan 3, 2016.
             Shot with an arrow by a centaur (13 damage)
             ... on level 5 of the Dungeon.
             The game lasted 00:02:19 (1525 turns).

M4edhros the Charlatan (Octopode Artificer)         Turns: 1525, Time: 00:02:19

Health: -3/28      AC:  1    Str: 15    XL:     4   Next: 96%
Magic:  7/7        EV: 13    Int: 15    God:
Gold:   120        SH:  0    Dex: 12    Spells: 0 memorised, 3 levels left

rFire  + . .     SeeInvis .     a - +0 short sword
rCold  x . .     Gourm    .     (no shield)
rNeg   . . .     Faith    .     (helmet restricted)
rPois  .         Spirit   .     (no amulet)
rElec  .         Dismiss  .     r - ring of fire
rCorr  .         Reflect  .     (no ring)
SustAt .         Harm     .     (no ring)
MR     .....                    (no ring)
Stlth  ++++......               (no ring)
                                (no ring)
                                (no ring)
                                (no ring)

@: mighty, not resistant to hostile enchantments, stealthy
A: almost no armour, amphibious, 8 rings, constrict 8, camouflage 1, gelatinous
body 1
a: no special abilities


You were on level 5 of the Dungeon.
You were not hungry.

You visited 1 branch of the dungeon, and saw 5 of its levels.

You collected 120 gold pieces.

Inventory:

Hand Weapons
 a - a +0 short sword (weapon)
Missiles
 e - 38 stones (quivered)
Jewellery
 r - a ring of fire (left tentacle)
Wands
 b - a wand of flame (13/48)
 c - a wand of enslavement (10/24)
 d - a wand of random effects (14/48)
Scrolls
 k - a scroll of enchant armour {unknown}
 l - 2 scrolls of identify {unknown}
 m - a scroll of random uselessness {unknown}
 n - a scroll of teleportation {unknown}
 o - a scroll of amnesia {unknown}
 q - a scroll of magic mapping {unknown}
 s - a scroll of fog {unknown}
Potions
 t - a potion of heal wounds
Books
 v - the Compendium of the Echidna
   (You found it on level 5 of the Dungeon)

   Spells                             Type                      Level
   a - Flame Tongue                   Conjuration/Fire             1
   b - Magic Dart                     Conjuration                  1
   c - Iskenderun's Mystic Blast      Conjuration                  4
   d - Bolt of Cold                   Conjuration/Ice              6
   e - Freezing Cloud                 Conjuration/Ice/Air          6
Comestibles
 f - 2 bread rations
 g - a meat ration
 h - 2 beef jerkies


   Skills:
 - Level 1.0 Fighting
 - Level 1.0 Short Blades
 * Level 3.4 Dodging
 * Level 3.8 Stealth
 + Level 4.1 Evocations


You had 3 spell levels left.
You didn't know any spells.

Dungeon Overview and Level Annotations

Branches:
Dungeon (5/15)
 Temple: D:4-7

Altars:
Fedhas


Innate Abilities, Weirdness & Mutations

You cannot wear most types of armour.
You are amphibious.
You can wear up to eight rings at the same time.
You can use your tentacles to constrict eight enemies at once.
Your skin changes colour to match your surroundings (Stealth).
Your rubbery body absorbs attacks (AC +1).


Message History

Drink which item? (? for menu, Esc to quit)
You feel much better.
You feel sick.
You start resting.
You feel sick. x5
You start to feel less resistant.
You start resting.
You feel sick.
You are no longer poisoned.
You start resting.
Your resistance to elements expires.
Key pressed, stopping explore.
You see here an arbalest.
Found a giant club.
A centaur comes into view.
A centaur is nearby!
The centaur shouts!
The centaur wields a shortbow.
The centaur shoots an arrow.
The arrow hits you!
You see here an arrow.
The centaur shoots an arrow.
The arrow hits you!
You die...

## #.. #.# #.# #.#
#.#########.#
#..c.)...#..#########
#....@(.#..)......####
....######..#######>....
. #..# #.#### #..# #.#
#..# #.# #..# #.# #..#
#.# #..# #.# #..# #.#


You could see a centaur.

Vanquished Creatures
  An orc wizard (D:4)
  2 worker ants
  An adder (D:5)
  An ooze (D:4)
  A giant gecko (D:3)
  An orc (D:4)
  4 bats
  2 giant cockroaches (D:4)
  3 goblins
  4 kobolds
  A quokka (D:3)
  A giant newt (D:4)
  4 rats (D:1)
26 creatures vanquished.

Vanquished Creatures (others)
  2 orcs (D:4)
2 creatures vanquished.

Grand Total: 28 creatures vanquished

Notes
Turn   | Place    | Note
--------------------------------------------------------------
     0 | D:1      | M4edhros the Octopode Artificer began the quest for the Orb.
     0 | D:1      | Reached XP level 1. HP: 13/13 MP: 3/3
   215 | D:1      | Reached XP level 2. HP: 8/18 MP: 4/4
   721 | D:3      | Found a blossoming altar of Fedhas.
   810 | D:4      | Reached XP level 3. HP: 23/23 MP: 5/5
  1009 | D:4      | HP: 1/23 [orc wizard/puff of flame (9)]
  1016 | D:4      | Reached skill level 4 in Evocations
  1016 | D:4      | Reached XP level 4. HP: 1/28 MP: 5/7
  1430 | D:5      | Entered Level 5 of the Dungeon
  1449 | D:5      | Identified the Compendium of the Echidna
  1522 | D:5      | Noticed a centaur
  1525 | D:5      | Shot with an arrow by a centaur

Vault maps used:
D:1:      erik_arrival_orb_chamber
D:2:      first_bread, fedhas_altar_1
D:3:      lemuel_doored_altar
D:5:      kennysheep_mini, lemuel_round_altar, lemuel_coloured_pillars_altar,
          lightli_minifort

Action                   |  1- 3 |  4- 6 || total
-------------------------+-------+-------++-------
Melee: Short sword       |    49 |    10 ||    59
Evoke: Wand              |     5 |     3 ||     8
  Use: Potion            |       |     5 ||     5
 Stab: Sleeping          |     9 |     1 ||    10
  Eat: Chunk             |       |     2 ||     2
